 Dungeon Crawl Stone Soup version 0.17.1-3-g152610e (webtiles) character file.

44 Gargoyl the Skirmisher (level 3, -1/29 HPs)
             Began as a Demonspawn Abyssal Knight on Feb 20, 2016.
             Was a Follower of Lugonu.
             Slain by Sigmund
             ... wielding a +1 scythe of protection
              (8 damage)
             ... on level 2 of the Dungeon.
             The game lasted 00:03:10 (1607 turns).

Gargoyl the Skirmisher (Demonspawn Abyssal Knight)  Turns: 1607, Time: 00:03:10

Health: -1/29      AC:  6    Str: 13    XL:     3   Next: 41%
Magic:  5/5        EV:  9    Int: 13    God:    Lugonu [*.....]
Gold:   124        SH:  0    Dex: 12    Spells: 0 memorised, 2 levels left

rFire  . . .     SeeInvis .     a - +1 hand axe
rCold  . . .     Clarity  .     e - +0 scale mail
rNeg   . . .     SustAt   .     (no shield)
rPois  .         Gourm    .     (no helmet)
rElec  .         Spirit   .     (no cloak)
rCorr  .         Warding  .     (no gloves)
rMut   .         Stasis   .     (no boots)
MR     .....                    (no amulet)
Stlth  ..........               (no ring)
                                (no ring)

@: not resistant to hostile enchantments, extremely unstealthy
A: claws 1, talons 1
a: Depart the Abyss, Renounce Religion


You were on level 2 of the Dungeon.
You worshipped Lugonu.
Lugonu was aware of your devotion.
You were not hungry.

You visited 1 branch of the dungeon, and saw 2 of its levels.
You visited the Abyss 1 time.

You collected 124 gold pieces.

Inventory:

Hand Weapons
 a - a +1 hand axe (weapon)
Armour
 e - a +0 scale mail (worn)
Scrolls
 c - a scroll of magic mapping {unknown}
 d - a scroll of noise {unknown}
 f - a scroll of teleportation {unknown}
 h - 3 scrolls of identify {unknown}
 k - a scroll of remove curse {unknown}
 l - a scroll of random uselessness {unknown}
Potions
 b - 2 potions of curing {unknown}
 i - a potion of mutation {unknown}
Comestibles
 g - a royal jelly
 j - 3 fruits


   Skills:
 + Level 3.5 Fighting
 + Level 2.1 Axes
 + Level 2.1 Armour
 + Level 1.1 Dodging
 + Level 0.2 Stealth
 + Level 3.2 Invocations


You had 2 spell levels left.
You didn't know any spells.

Dungeon Overview and Level Annotations

Branches:
Dungeon (2/15)

Altars:

Annotations:
D:2 Sigmund


Innate Abilities, Weirdness & Mutations

You have sharp fingernails.
You have sharp toenails.


Message History

Deactivating autopickup; reactivate with Ctrl-A.
You closely miss something.
Your scale mail prevents you from hitting the goblin.
The goblin hits you. Something completely misses you.
The goblin closely misses you.
Unknown command.
You miss something. You barely miss the goblin. The goblin hits you.
Something hits you but does no damage.
You miss something. Your kick misses something. You hit the goblin.
You kill the goblin!
Lugonu accepts your kill.
You miss something. You claw something. Something hits you.
You hit something but do no damage. Something hits you.
You closely miss something. Something hits you!
* * * LOW HITPOINT WARNING * * *
You closely miss something. Your kick misses something. Something hits you.
* * * LOW HITPOINT WARNING * * *
You barely miss something. Your kick misses something.
You barely miss something. Something hits you!
You die...

......##....#
...[.(##....#
......##....#########
...<..''............# #
......##.......####.##.
......##.......# ..
####.###.......# .##.#
#.# #.......###......
#.# #........@{...# #.#
#.............#
####.###...............#
......##...............#
......##........!...#.##
......##.?...#####......
......##..... ###.##
......##..... .. ......#


There were no monsters in sight!

Vanquished Creatures
  An adder (D:2)
  2 oozes
  A giant gecko (D:1)
  2 giant cockroaches (D:1)
  5 hobgoblins
  A kobold (D:1)
  3 bats
  3 giant newts (D:1)
  6 goblins
  2 rats (D:1)
26 creatures vanquished.

Notes
Turn   | Place    | Note
--------------------------------------------------------------
     0 | Abyss:1  | Gargoyl the Demonspawn Abyssal Knight began the quest for the Orb.
     0 | Abyss:1  | Reached XP level 1. HP: 18/18 MP: 2/2
    56 | Abyss:1  | Noticed an ancient zyme
    85 | Abyss:1  | Noticed a large abomination
    94 | Abyss:2  | Found a corrupted altar of Lugonu.
   121 | Abyss:2  | Noticed a wretched star
   135 | Abyss:2  | Noticed an ancient zyme
   181 | Abyss:2  | Found a corrupted altar of Lugonu.
   210 | Abyss:2  | Noticed an orange demon
   211 | Abyss:2  | Noticed a fire bat
   211 | Abyss:2  | Noticed a fire bat
   211 | Abyss:2  | Noticed a fire bat
   214 | Abyss:2  | Noticed an apocalypse crab
   214 | Abyss:2  | Noticed a white ugly thing
   214 | Abyss:2  | Noticed a white ugly thing
   214 | Abyss:2  | Noticed a white very ugly thing
   215 | Abyss:2  | Noticed a white very ugly thing
   215 | D:1      | Escaped the Abyss
   884 | D:1      | Gained mutation: You have sharp toenails. [demonic ancestry]
   884 | D:1      | Reached XP level 2. HP: 16/24 MP: 4/4
   889 | D:1      | Reached * piety under Lugonu
  1045 | D:1      | Reached skill level 1 in Dodging
  1557 | D:2      | Gained mutation: You have sharp fingernails. [demonic ancestry]
  1557 | D:2      | Reached XP level 3. HP: 29/29 MP: 5/5
  1593 | D:2      | Noticed Sigmund
  1607 | D:2      | Slain by Sigmund

Action                   || total
-------------------------++-------
Melee: Hand axe          ||    83
Invok: Depart the Abyss  ||     1
  Eat: Bread ration      ||     1
       Chunk             ||     1
